 Dungeon Crawl Stone Soup version 0.30.0-19-g36f170ea60 (webtiles) character file.

Game seed: 249500088784686179

3147 Hubris850 the Cleaver (level 9, -2/81 HPs)
             Began as a Minotaur Fighter on May 30, 2023.
             Was a Believer of Makhleb.
             Slain by a death yak (19 damage)
             ... on level 7 of the Dungeon.
             The game lasted 00:12:48 (7213 turns).

Hubris850 the Cleaver (Minotaur Fighter)            Turns: 7213, Time: 00:12:49

Health: -2/81      AC:  8    Str: 25    XL:     9   Next: 62%
Magic:  12/12      EV:  9    Int:  5    God:    Makhleb [**....]
Gold:   422        SH: 11    Dex: 10    Spells: 8/8 levels left

rFire   . . .        g - +3 hand axe (freeze)
rCold   + . .        c - +1 buckler
rNeg    . . .        b - +0 scale mail
rPois   .            (helmet restricted)
rElec   .            (no cloak)
rCorr   +            (no gloves)
SInv    .            (no boots)
Will    .....        x - amulet of reflection Stlth
                     f - ring of resist corrosion
HPRegen 0.33/turn    k - ring of protection from cold
MPRegen 0.13/turn

%: reflection
@: no status effects
A: horns 2, retaliatory headbutt
a: Renounce Religion, Minor Destruction


You were on level 7 of the Dungeon.
You worshipped Makhleb.
Makhleb was pleased with you.
You visited 2 branches of the dungeon, and saw 9 of its levels.

You collected 472 gold pieces.
You spent 50 gold pieces at shops.

Inventory:

Hand Weapons
 a - a +0 war axe
 g - a +3 hand axe of freezing (weapon)
Missiles
 d - 3 javelins
 o - a throwing net (quivered)
 p - 19 poisoned darts
 u - 3 boomerangs
 B - a curare-tipped dart
Armour
 b - a +0 scale mail (worn)
 c - a +1 buckler (worn)
 t - the +0 leather armour of the Unbroken {rC+ Str+4 Dex+4}
   (You found it on level 4 of the Dungeon)

   Str:       It affects your strength (+4).
   Dex:       It affects your dexterity (+4).
   rC:        It protects you from cold.
Jewellery
 f - a ring of resist corrosion (left hand)
 k - a ring of protection from cold (right hand)
 x - an amulet of reflection (around neck)
Wands
 v - a wand of charming (19)
Scrolls
 l - a scroll of teleportation
 n - 5 scrolls of fog
 q - a scroll of immolation
 r - a scroll of fear
 s - a scroll of amnesia
 F - a scroll of enchant weapon
Potions
 e - 3 potions of attraction
 h - 5 potions of brilliance
 i - 8 potions of curing
 j - a potion of flight
 m - 2 potions of invisibility
 w - 3 potions of mutation
 z - a potion of magic
 A - a potion of ambrosia
 C - 2 potions of heal wounds
 D - a potion of degeneration {unknown}
 E - 2 potions of haste {unknown}


   Skills:
 - Level 8.0 Fighting
 + Level 9.1 Axes
 - Level 8.0 Armour
 - Level 6.0 Shields
 + Level 6.5 Invocations


You had 8 spell levels left.
You didn't know any spells.
Your spell library contained the following spells:

 Spells                   Type           Power      Damage    Failure   Level
 Ozocubu's Armour         Ice            0%         N/A       98%         3
 Metabolic Englaciation   Hex/Ice        0%         N/A       100%        5
 Simulacrum               Ice/Necr       0%         N/A       100%        6
 Ozocubu's Refrigeration  Ice            0%         4d7       100%        7


Dungeon Overview and Level Annotations

Branches:
Dungeon (8/15)             Temple (1/1) D:4
   Lair: D:8-11

Altars:
Cheibriados
Dithmenos
Fedhas
Gozag
Hepliaklqana
Kikubaaqudgha
Makhleb
Nemelex Xobeh
Okawaru
Qazlal
Ru
Sif Muna
Trog
Uskayaw
Vehumet
Wu Jian
Xom
Yredelemnul
Zin
The Shining One

Shops:
D:4 :   D:7 !*!

Annotations:
D:6 3 runed translucent doors, Kamelo's ghost, novice TeAE


Innate Abilities, Weirdness & Mutations

You have a pair of horns on your head.
You reflexively headbutt those who attack you in melee.


Message History

You headbutt the death yak, but do no damage.
The death yak is moderately wounded.
You hit the river rat but do no damage. You block the river rat's attack.
The death yak gores you!!
You hit the death yak but do no damage.
The death yak is moderately wounded.
You barely miss the river rat. You hit the death yak. You freeze the death yak.
You headbutt the death yak, but do no damage.
The death yak is moderately wounded.
You hit the river rat. You freeze the river rat.
You kill the river rat!
Makhleb accepts your kill.
You feel better. The death yak closely misses you.
You hit the death yak but do no damage.
The death yak is moderately wounded.
You block the death yak's attack.
You hit the death yak but do no damage. You headbutt the death yak.
The death yak is heavily wounded.
The death yak gores you!!
* * * LOW HITPOINT WARNING * * *
You hit the death yak. You freeze the death yak.
You headbutt the death yak, but do no damage.
The death yak is heavily wounded.
The death yak closely misses you. You furiously retaliate!
You headbutt the death yak. You hit the death yak but do no damage.
The death yak is heavily wounded.
The death yak gores you but does no damage.
Aiming: Charm
Press: ? - help, Shift-Dir - straight line, f - death yak
Aim: a death yak (heavily wounded, chance to affect: 1%)
Okay, then.
Unknown command.
Unknown command.
Unknown command.
You barely miss the death yak.
The death yak is heavily wounded.
The death yak gores you!!
You die...

..#...####.##.>....≈∩~.#.#
##..........#....#.≈≈≈...######
##...............#.......##...##
.#...............#.##..........##
..............[.................#
..##.#.....>....................#
.......##........#.#............#
###............†.Y.............##
.##..##.........@........##...##
....................##..#######
.##..###...............##
.##......#...........###
.###................##
...............######
.#.....).......# ...........∩...#
...............#


You could see a death yak.

Vanquished Creatures
  Pikel (D:7)
  3 water moccasins
  A sky beast (D:6)
  3 ice beasts
  3 black bears
  3 ogres
  A centaur (D:5)
  2 lemures (D:7)
  A kobold brigand (D:6)
  A bullfrog (D:6)
  3 scorpions
  5 howler monkeys
  An electric eel (D:6)
  6 hounds
  2 jellies
  An orc priest (D:6)
  A gnoll bouda (D:6)
  A sleepcap (D:7)
  6 iguanas
  4 orc wizards
  10 gnolls
  6 adders
  A river rat (D:7)
  3 worms (D:3)
  2 dart slugs (D:2)
  10 orcs
  10 ball pythons
  5 endoplasms
  5 giant cockroaches
  4 goblins
  14 hobgoblins
  15 jackals
  7 kobolds
  4 quokkas
  4 bats
  4 frilled lizards
  6 rats
159 creatures vanquished.

Notes
Turn   | Place    | Note
-------+----------+-------------------------------------------
     0 | D:1      | Hubris850 the Minotaur Fighter began the quest for the Orb.
     0 | D:1      | Reached XP level 1. HP: 19/19 MP: 0/0
    64 | D:1      | Reached XP level 2. HP: 19/27 MP: 1/1
   496 | D:1      | Reached skill level 3 in Axes
   549 | D:1      | Identified a scroll of acquirement
   549 | D:1      | Acquired a +2 hand axe of freezing
   590 | D:1      | Reached XP level 3. HP: 33/33 MP: 2/2
  1306 | D:2      | You fall into a shaft and drop 2 floors!
  1426 | D:3      | Noticed a water moccasin
  1432 | D:3      | Killed a water moccasin
  1433 | D:3      | Reached XP level 4. HP: 28/41 MP: 3/3
  1433 | D:3      | Reached XP level 5. HP: 32/47 MP: 4/4
  1903 | D:2      | Reached skill level 4 in Axes
  1912 | D:2      | Reached skill level 5 in Fighting
  1912 | D:2      | Reached skill level 5 in Shields
  1921 | D:2      | HP: 2/48 [poisoned by a gnoll]
  2402 | D:3      | Reached skill level 5 in Armour
  2938 | D:4      | Found a staircase to the Ecumenical Temple.
  3222 | D:4      | Found Rubri's Book Shop.
  3225 | Temple   | Entered the Ecumenical Temple
  3320 | Temple   | Became a worshipper of Makhleb the Destroyer
  3467 | D:4      | Reached XP level 6. HP: 46/56 MP: 5/5
  3685 | D:4      | Reached skill level 1 in Invocations
  3770 | D:4      | Reached XP level 7. HP: 33/62 MP: 7/7
  3885 | D:4      | Reached * piety under Makhleb
  4056 | D:4      | Identified the +0 leather armour of the Unbroken {rC+ Str+4
                  | Dex+4}
  4106 | D:4      | Reached skill level 5 in Axes
  4326 | D:5      | Entered Level 5 of the Dungeon
  4944 | D:5      | Reached XP level 8. HP: 71/71 MP: 9/9
  5132 | D:6      | Reached skill level 6 in Axes
  5255 | D:6      | Noticed Kamelo's ghost (novice TeAE)
  5365 | D:6      | Found a runed translucent gate.
  5365 | D:6      | Found a runed translucent gate.
  5365 | D:6      | Found a runed translucent gate.
  5517 | D:6      | Found a hazy altar of Hepliaklqana.
  5533 | D:6      | Found a glowing silver altar of Zin.
  5669 | D:6      | Reached ** piety under Makhleb
  5849 | D:6      | Found a glowing golden altar of the Shining One.
  5849 | D:6      | Found a shimmering altar of Xom.
  6107 | D:6      | Reached skill level 7 in Axes
  6534 | D:7      | Found Anuq's Distillery.
  6550 | D:7      | Reached XP level 9. HP: 75/80 MP: 11/11
  6647 | D:6      | Reached skill level 5 in Invocations
  6784 | D:7      | Noticed Pikel
  6786 | D:7      | Reached skill level 8 in Axes
  6798 | D:7      | Killed Pikel
  6804 | D:7      | Found Woggau's Distillery.
  6818 | D:7      | Bought a potion of heal wounds for 50 gold pieces
  6895 | D:7      | Found Tiwuaseu's Assorted Antiques.
  6901 | D:7      | Reached skill level 9 in Axes
  7183 | D:8      | Noticed a death yak
  7188 | D:8      | Noticed a death yak
  7213 | D:7      | Slain by a death yak

Illustrated notes

Levels and vault maps discovered:
D:1:      minmay_arrival_jagged, layout_basic, dk_noncrumbling_4
D:2:      layout_basic, minmay_misc_feat_iff
D:3:      layout_loops_corners, hex_medium, due_unseen_surprise
D:4:      minmay_bubble_buster, layout_basic, minmay_temple_entry_trees,
          serial_shops, shop, sigmund_army
D:5:      layout_basic
D:6:      layout_loops_corners, nicolae_overflow_two_pavilions,
          mainiacjoe_overflow_big_doors, gammafunk_ghost_icy,
          kennysheep_generic_room_12
D:7:      layout_rooms, serial_shops, shop, nicolae_shop_rolling_square,
          nicolae_shop_industrial_runoff, uniq_pikel
D:8:      layout_basic, dpeg_lair_monsters, serial_shops,
          nicolae_shop_hallway_plus, hangedman_incinerator
Temple:   minmay_temple_bridge_d

Skill      XL: |  1  2  3  4  5  6  7  8  9 |
---------------+----------------------------+-----
Armour         | 4 5 6 7 8 |  8.0
Shields        | 4 5 6 |  6.0
Fighting       | 4 5 6 7 8 |  8.0
Axes           | 3 4 5 7 9 |  9.1
Invocations    | 1 3 4 6 |  6.5

Action                     |  1- 3 |  4- 6 |  7- 9 || total
---------------------------+-------+-------+-------++-------
  Melee: War axe           |    44 |       |       ||    44
         Headbutt          |     4 |    11 |    45 ||    60
         Hand axe          |    36 |    79 |   249 ||   364
  Throw: Javelin           |       |       |     3 ||     3
    Use: Scroll            |     8 |     8 |     6 ||    22
         Potion            |     1 |       |       ||     1
 Armour: Scale mail        |    53 |    20 |    57 ||   130
         Leather armour    |       |       |     4 ||     4
  Dodge: Dodged            |    40 |    41 |    72 ||   153
  Block: Buckler           |    15 |    23 |   127 ||   165
         Reflection        |       |       |     3 ||     3
